 Dungeon Crawl Stone Soup version 0.25.0-1-g7eea58d2a3 (webtiles) character file.

Game seed: 7452873503946942622

260823 HoaS the Hoplite (level 19, -11/137 HPs)
             Began as a Gargoyle Fighter on June 12, 2020.
             Was the Champion of Makhleb.
             Mangled by a spriggan defender
             ... wielding a +2 demon whip of venom
             ... led by the Enchantress
              (14 damage)
             ... on level 1 of the Depths on June 13, 2020.
             The game lasted 01:58:05 (35044 turns).

HoaS the Hoplite (Gargoyle Fighter)                Turns: 35044, Time: 01:58:06

Health: -11/137    AC: 39    Str: 29    XL:     19   Next: 94%
Magic:  19/19      EV: 10    Int: 11    God:    Makhleb [******]
Gold:   2022       SH:  0    Dex: 12    Spells: 18/18 levels left

rFire    + + .     SeeInvis .   u - +8 eveningstar (venom)
rCold    + . .     Gourm    .   X - +1 tower shield
rNeg     + . .     Faith    .   T - +2 plate armour {rF+}
rPois    ∞         Spirit   .   c - +1 helmet
rElec    +         Reflect  .   D - scarf {rC+ rF+}
rCorr    .         Harm     .   e - +1 pair of gloves
MR       ++...     NoTele   +   t - +2 pair of boots of Tulips {Regen+}
Stlth    ..........             B - amulet of the acrobat
HPRegen  0.72/turn              Q - ring of protection from magic
MPRegen  0.16/turn              A - +6 ring of strength

@: confused, mighty, cannot translocate, slowed, studying Shields, very slow
A: big wings, negative energy resistance 1, electricity resistance, unbreathing,
petrification resistance, rot immunity, AC +14
}: 2/15 runes: decaying, gossamer
a: Fly, Minor Destruction, Lesser Servant of Makhleb, Major Destruction, Greater
Servant of Makhleb, Renounce Religion


You were on level 1 of the Depths.
You worshipped Makhleb.
Makhleb was exalted by your worship.
You were hungry.

You visited 8 branches of the dungeon, and saw 35 of its levels.
You also visited: Gauntlet.

You collected 2929 gold pieces.
You spent 907 gold pieces at shops.

Inventory:

Hand Weapons
 u - a +8 eveningstar of venom (weapon)
Armour
 c - a +1 helmet (worn)
 e - a +1 pair of gloves (worn)
 t - the +2 pair of boots of Tulips (worn) {Regen+}
   (You acquired it on level 2 of the Elven Halls)

   It increases your rate of regeneration.
 D - a scarf of resistance (worn)
 T - a +2 plate armour of fire resistance (worn)
 X - a +1 tower shield (worn)
Jewellery
 m - an uncursed ring of see invisible
 r - an uncursed amulet of faith
 A - a +6 ring of strength (right hand)
 B - an amulet of the acrobat (around neck)
 F - an uncursed ring of fire
 N - the ring "Isinukey" {rElec rF+ rCorr Int-3}
   (You took it off a centaur warrior on level 14 of the Dungeon)

   [ring of resist corrosion]

   It affects your intelligence (-3).
   It protects you from fire.
   It insulates you from electricity.
   It provides partial protection from all sources of acid and corrosion.
 Q - a ring of protection from magic (left hand)
 U - an uncursed ring of protection from cold
 V - an uncursed ring of protection from cold
Wands
 v - a wand of acid (12)
 C - a wand of digging (7)
Scrolls
 a - 6 scrolls of fear
 h - 4 scrolls of fog
 k - 7 scrolls of blinking
 o - 10 scrolls of remove curse
 p - 13 scrolls of teleportation
 H - 2 scrolls of identify
 K - 4 scrolls of magic mapping
 O - 2 scrolls of silence
 Y - a scroll of summoning
Potions
 b - 5 potions of berserk rage
 d - 5 potions of ambrosia
 i - 24 potions of curing
 j - 3 potions of invisibility
 l - 4 potions of resistance
 q - 12 potions of haste
 s - 2 potions of cancellation
 w - 2 potions of might
 z - 4 potions of mutation
 E - 11 potions of heal wounds
 I - 8 potions of lignification
Books
 n - a manual of Shields
Comestibles
 f - 52 rations


   Skills:
 + Level 21.3 Fighting
 - Level 16.0 Maces & Flails
 - Level 10.1 Armour
 - Level 7.2 Dodging
 * Level 21.8 Shields


You had 18 spell levels left.
You didn't know any spells.
Your spell library contained the following spells:

 Spells                   Type           Power        Failure   Level  Hunger
 Animate Skeleton         Necr           N/A          99%         1    ##.....
 Apportation              Tloc           #.....       99%         1    ##.....
 Corona                   Hex            #......      99%         1    ##.....
 Infusion                 Chrm           #...         99%         1    ##.....
 Magic Dart               Conj           #...         99%         1    ##.....
 Shock                    Conj/Air       #...         99%         1    ##.....
 Summon Small Mammal      Summ           #...         99%         1    ##.....
 Blink                    Tloc           N/A          99%         2    ###....
 Call Imp                 Summ           #.......     99%         2    ###....
 Corpse Rot               Necr/Air       N/A          99%         2    ###....
 Shroud of Golubria       Chrm/Tloc      #.....       99%         2    ###....
 Slow                     Hex            #.......     99%         2    ###....
 Song of Slaying          Chrm           #.......     99%         2    ###....
 Swiftness                Chrm/Air       #.......     99%         2    ###....
 Confusing Touch          Hex            #.......     100%        3    ####...
 Conjure Flame            Conj/Fire      #.......     100%        3    ####...
 Gell's Gravitas          Tloc           #.........   100%        3    ####...
 Mephitic Cloud           Conj/Pois/Air  #.......     100%        3    ####...
 Ozocubu's Armour         Chrm/Ice       #.......     100%        3    ####...
 Spectral Weapon          Hex/Chrm       #.......     100%        3    ####...
 Static Discharge         Conj/Air       #.......     100%        3    ####...
 Stone Arrow              Conj/Erth      #.....       100%        3    ####...
 Airstrike                Air            #.........   100%        4    #####..
 Petrify                  Tmut/Erth      #.......     100%        4    #####..
 Bolt of Magma            Conj/Fire/Erth #.........   100%        5    ######.
 Iskenderun's Battlesphe  Conj/Chrm      #.......     100%        5    ######.
 Lightning Bolt           Conj/Air       #.........   100%        5    ######.
 Metabolic Englaciation   Hex/Ice        #.........   100%        5    ######.
 Summon Forest            Summ/Tloc      #.........   100%        5    ######.
 Yara's Violent Unravell  Hex/Tmut       #.........   100%        5    ######.
 Eringya's Noxious Bog    Tmut/Pois      #.........   100%        6    #######
 Hydra Form               Tmut           #.........   100%        6    #######
 Iron Shot                Conj/Erth      #.........   100%        6    #######
 Orb of Destruction       Conj           #.........   100%        7    #######
 Spellforged Servitor     Conj/Summ      #.........   100%        7    #######
 Summon Hydra             Summ           #.........   100%        7    #######


Dungeon Overview and Level Annotations

Branches:
Dungeon (15/15)            Temple (1/1) D:7            Lair (6/6) D:9
  Swamp (4/4) Lair:2       Spider (4/4) Lair:4        Slime (0/5) Lair:6
    Orc (2/2) D:11            Elf (2/3) Orc:2        Vaults (0/5) D:13
 Depths (1/5) D:15        Gauntlet (visited)

Altars:
Ashenzari
Cheibriados
Dithmenos
Elyvilon
Fedhas
Gozag
Hepliaklqana
Kikubaaqudgha
Makhleb
Nemelex Xobeh
Okawaru
Qazlal
Ru
Sif Muna
Trog
Uskayaw
Vehumet
Wu Jian
Xom
Yredelemnul
Zin
The Shining One

Shops:
D:4 ?   D:12 ?   Orc:2 [*[!   Elf:1 }:(!   Elf:2 }   Depths:1 %

Portals:
Abyss: Depths:1
Trove: D:15 (give 17 potions of curing)

Annotations:
Lair:4 exclusion: 4 oklob plants
Swamp:2 3 runed translucent doors, Nocess's ghost, adept HOBe
Depths:1 the Enchantress


Innate Abilities, Weirdness & Mutations

You are resistant to torment.
Your stone body is resilient. (AC +14)
You are immune to poison.
Your large and strong wings let you fly indefinitely.
You resist negative energy. (rN+)
You are resistant to electric shocks. (rElec)
You can survive without breathing.
You are immune to petrification.
You are immune to rotting.


Message History

You closely miss the spriggan defender.
The spriggan defender is moderately wounded.
The spriggan defender hits you but does no damage.
You hear some strange, mumbled words.
You are confused.
The spriggan rider barely misses you.
The spriggan defender blocks your attack.
The spriggan defender is moderately wounded.
The spriggan defender hits you but does no damage.
Something hits you but does no damage.
The spriggan defender barely misses you.
The spriggan rider closely misses you. Something hits you but does no damage.
You closely miss the spriggan defender.
The spriggan defender is moderately wounded.
You feel less vulnerable to hostile enchantments.
The spriggan defender hits you but does no damage.
The spriggan rider hits you with a +0 spear.
* * * LOW HITPOINT WARNING * * *
The spriggan defender hits you with a +2 demon whip of venom!
You die...

..............#
...........†...#
........∩......#
...............#
#.................#
..................#
..................#
i.................#
..........@i......#
.........i{)......#
i..........[......#
...........)......#
###################


You could see a spriggan defender (very poisoned) and a spriggan rider.

Vanquished Creatures
  Arachne (Spider:4)
  A deep elf blademaster (Elf:2)
  Frances (D:14)
  2 thorn hunters
  Kirke (D:14)
  Roxanne (D:14)
  5 ghost moths
  8 emperor scorpions
  Aizul (Spider:4)
  2 spriggan defenders (Depths:1)
  A stone giant (Depths:1)
  A vampire knight (Depths:1)
  5 entropy weavers
  Nessos (D:13)
  Azrael (D:14)
  A spark wasp (Spider:2)
  Josephine (Lair:5)
  A yaktaur captain (D:15)
  A great orb of eyes (Depths:1)
  A rakshasa (D:14)
  4 ice dragons (Swamp:4)
  4 vault guards (D:13)
  2 spriggan air magi (Depths:1)
  A ghost crab (Swamp:1)
  3 catoblepae
  5 centaur warriors
  19 hydras
  A shambling mangrove (Swamp:3)
  11 two-headed ogres
  3 ogre magi
  21 dancing weapons
  A queen ant (Spider:4)
  The ghost of Rayvis the Cleaver, a novice DsGl (D:9)
  9 alligators
  4 tengu warriors
  4 death yaks (Lair:6)
  An orc high priest (Orc:1)
  Urug (Lair:2)
  Nergalle (Orc:1)
  17 deep elf knights
  A spriggan berserker (Depths:1)
  A hell knight (D:15)
  2 unseen horrors (D:15)
  A spriggan druid (Swamp:4)
  2 wizards
  3 swamp dragons
  5 deep elf archers (Elf:1)
  A necromancer (Spider:1)
  16 orb spiders
  6 orc knights
  27 wolf spiders
  3 orc sorcerers (Orc:1)
  30 deep elf magi
  25 ugly things
  7 wolf spider zombies
  2 manticores
  2 moths of wrath
  5 cyclopes
  A black mamba (shapeshifter) (Elf:1)
  A guardian serpent (shapeshifter) (D:14)
  A gargoyle (D:13)
  32 spiny frogs
  6 black mambas
  3 torpor snails
  4 freezing wraiths (Swamp:4)
  11 redback zombies (Spider:1)
  An efreet (D:15)
  5 yaktaurs (Depths:1)
  10 komodo dragons
  A yaktaur (shapeshifter) (D:15)
  3 tengu conjurers
  11 demonic crawlers
  A rime drake (Lair:4)
  The ghost of gruber the Conjurer, a novice OpCj (D:5)
  3 trolls
  12 tyrant leeches
  A jumping spider (shapeshifter) (Elf:2)
  28 jumping spiders
  A polar bear (Lair:6)
  38 blink frogs
  34 slime creatures
  6 bog bodies
  11 hornets
  8 hippogriffs
  7 tarantella zombies (Spider:1)
  2 air elementals
  3 shadows
  33 tarantellas
  4 fire elementals
  5 spriggans
  3 wyverns
  56 redbacks
  A yak (shapeshifter) (Depths:1)
  38 yaks
  2 water elementals
  4 wraiths
  Eustachio (D:5)
  A human (D:13)
  3 hungry ghosts
  3 swamp worm simulacra (Swamp:4)
  18 vampire mosquitoes
  3 wargs
  16 insubstantial wisps
  2 soldier ants (Spider:4)
  Duvessa (D:7)
  3 acid dragons
  12 water moccasins
  3 hell hounds (D:14)
  15 swamp worms
  6 swamp drakes
  13 hydra simulacra (Swamp:4)
  7 porcupines
  8 ice beasts
  44 orc warriors
  3 phantoms
  2 black bears
  17 ogres
  6 sky beasts
  An eye of draining (D:11)
  2 necrophages
  4 boggarts (D:14)
  24 centaurs
  Blork the orc (D:5)
  12 crocodiles
  2 big kobolds
  31 bullfrogs
  An earth elemental (Elf:2)
  A gnoll sergeant (D:5)
  Dowan (D:7)
  6 scorpions
  9 wights
  6 killer bees (D:10)
  2 electric eels
  4 jellies
  5 howler monkeys
  A bullfrog zombie (D:12)
  5 crimson imps
  2 centaur zombies
  A quasit (D:10)
  3 hounds
  2 bullfrog skeletons
  15 orc priests
  25 orc wizards
  A centaur skeleton (D:10)
  5 iguanas
  19 worker ants
  A killer bee zombie (D:8)
  A bullfrog simulacrum (D:5)
  12 adders
  5 gnolls
  A river rat (D:4)
  A hound simulacrum (D:5)
  4 shadow imps
  A white imp (D:5)
  A worker ant simulacrum (D:5)
  7 oozes
  5 swamp drake simulacra (Swamp:4)
  An adder zombie (D:6)
  3 worms
  3 dart slugs
  4 leopard geckos
  88 orcs
  7 bats
  4 giant cockroaches
  4 hobgoblins
  20 jackals
  7 kobolds
  4 quokkas
  2 ball pythons
  3 frilled lizards
  4 goblins
  A jackal simulacrum (D:5)
  A quokka simulacrum (D:5)
  A quokka zombie (D:6)
  9 rats
  25 plants (Lair:3)
1289 creatures vanquished.

Vanquished Creatures (collateral kills)
  A spiny frog (Lair:2)
  A crocodile (Lair:2)
2 creatures vanquished.

Vanquished Creatures (others)
  Donald (Swamp:4)
  2 deep elf knights (Elf:2)
  Maurice (D:11)
  A tengu conjurer (D:14)
  A hornet (Swamp:3)
  A spriggan (Swamp:3)
  A tarantella (Spider:2)
  4 humans (D:14)
  An orc wizard (Orc:1)
  An orc (D:13)
  14 fungi
  42 plants
70 creatures vanquished.

Grand Total: 1361 creatures vanquished

Notes
Turn   | Place    | Note
-------+----------+-------------------------------------------
     0 | D:1      | HoaS the Gargoyle Fighter began the quest for the Orb.
     0 | D:1      | Reached XP level 1. HP: 14/14 MP: 1/1
    75 | D:1      | Reached XP level 2. HP: 19/19 MP: 2/2
   407 | D:1      | Reached XP level 3. HP: 22/23 MP: 3/3
   853 | D:2      | Reached XP level 4. HP: 27/29 MP: 4/4
  1148 | D:3      | Noticed an ogre
  1247 | D:3      | Noticed a +0 dagger
  1248 | D:3      | Found a hide-covered altar of Uskayaw.
  1249 | D:3      | Noticed a +0 dagger
  1264 | D:3      | Killed an ogre
  1264 | D:3      | Reached XP level 5. HP: 33/34 MP: 5/5
  1583 | D:3      | Found an opulent altar of Gozag.
  1942 | D:4      | Reached XP level 6. HP: 35/39 MP: 6/6
  2083 | D:4      | Reached skill level 5 in Maces & Flails
  2288 | D:4      | Found a blossoming altar of Fedhas.
  2556 | D:4      | Reached skill level 5 in Fighting
  2741 | D:4      | Reached skill level 5 in Shields
  2741 | D:4      | Reached XP level 7. HP: 35/44 MP: 7/7
  2781 | D:4      | Found Zoceful's Magic Scroll Shop.
  2820 | D:5      | Entered Level 5 of the Dungeon
  3076 | D:5      | HP: 2/44 [centaur (5)]
  3184 | D:5      | Reached XP level 8. HP: 20/51 MP: 8/8
  3335 | D:5      | Found a runed translucent gate.
  3336 | D:5      | Found a runed translucent gate.
  3337 | D:5      | Found a runed translucent gate.
  3340 | D:5      | Found an iron altar of Okawaru.
  3436 | D:5      | Noticed gruber's ghost (novice OpCj)
  3672 | D:5      | Noticed Blork the orc
  3673 | D:5      | Noticed Eustachio
  3686 | D:5      | Killed Blork the orc
  3696 | D:5      | Killed Eustachio
  3794 | D:5      | Found a snail-covered altar of Cheibriados.
  3910 | D:5      | Found an ancient bone altar of Kikubaaqudgha.
  4237 | D:6      | Reached XP level 9. HP: 28/57 MP: 9/9
  5254 | D:7      | Found a staircase to the Ecumenical Temple.
  5277 | Temple   | Entered the Ecumenical Temple
  5363 | Temple   | Became a worshipper of Makhleb the Destroyer
  5391 | D:7      | Noticed Duvessa
  5391 | D:7      | Noticed Dowan
  5422 | D:7      | Killed Duvessa
  5426 | D:7      | Killed Dowan
  5538 | D:7      | Reached XP level 10. HP: 40/64 MP: 10/10
  5678 | D:7      | Found a basalt altar of Yredelemnul.
  5800 | D:7      | Reached skill level 10 in Maces & Flails
  6070 | D:8      | Reached * piety under Makhleb
  6142 | D:8      | Identified the +5 short sword "Vios" {drain, MR+ Dex+4
                  | Stlth+}
  6494 | D:8      | Found a bloodstained altar of Trog.
  6495 | D:8      | Found an ornate altar of the Wu Jian Council.
  6495 | D:8      | Found a stormy altar of Qazlal.
  6495 | D:8      | Found a blossoming altar of Fedhas.
  6526 | D:8      | Found a sparkling altar of Nemelex Xobeh.
  6528 | D:8      | Found a sacrificial altar of Ru.
  6781 | D:9      | Found a runed translucent door.
  6806 | D:9      | Reached ** piety under Makhleb
  6822 | D:9      | Noticed Rayvis's ghost (novice DsGl)
  6862 | D:9      | Noticed a two-headed ogre
  6863 | D:9      | Found a staircase to the Lair.
  6872 | D:9      | Killed a two-headed ogre
  7083 | D:9      | Reached XP level 11. HP: 70/71 MP: 11/11
  7676 | D:10     | Entered Level 10 of the Dungeon
  8557 | D:11     | Reached skill level 10 in Fighting
  8619 | D:11     | Reached *** piety under Makhleb
  8619 | D:11     | Reached skill level 10 in Shields
  8660 | D:11     | Found a gate leading to a gauntlet.
  8676 | Gauntlet | Entered a Gauntlet
  8676 | Gauntlet | Found a transporter.
  8679 | Gauntlet | Found a transporter.
  8680 | Gauntlet | Noticed a reaper
  8696 | Gauntlet | Found a transporter.
  8699 | Gauntlet | Found a transporter.
  8717 | Gauntlet | Found a transporter.
  8717 | Gauntlet | Noticed a cacodemon
  8730 | Gauntlet | Found a transporter.
  8743 | Gauntlet | Found a transporter.
  8763 | Gauntlet | Found a transporter.
  8769 | Gauntlet | Found a transporter.
  8772 | Gauntlet | Noticed a wizard
  8775 | Gauntlet | Found a transporter.
  8782 | Gauntlet | Noticed a wizard
  8798 | Gauntlet | Noticed a fire crab
  8799 | Gauntlet | Found a transporter.
  8803 | Gauntlet | Found a transporter.
  9148 | D:11     | Noticed Maurice
  9176 | D:11     | Killed Maurice
  9354 | D:11     | Found a staircase to the Orcish Mines.
 10080 | D:12     | Found Hiadd's Magic Scroll Emporium.
 10360 | D:12     | Noticed a tengu warrior
 10360 | D:12     | Noticed a tengu warrior
 10378 | D:12     | Killed a tengu warrior
 10405 | D:12     | Killed a tengu warrior
 11030 | Lair:1   | Entered Level 1 of the Lair of Beasts
 11418 | Lair:1   | Reached **** piety under Makhleb
 11528 | Lair:1   | Reached XP level 12. HP: 73/79 MP: 12/12
 11732 | Lair:2   | Noticed Urug
 11754 | Lair:2   | Killed Urug
 12274 | Lair:2   | Found a staircase to the Swamp.
 13846 | Lair:4   | Noticed a catoblepas
 13862 | Lair:4   | Killed a catoblepas
 14127 | Lair:4   | Noticed a six-headed hydra
 14128 | Lair:4   | Noticed an eight-headed hydra
 14144 | Lair:4   | Killed an eight-headed hydra
 14151 | Lair:4   | Killed a six-headed hydra
 14341 | Lair:4   | Found a hole to the Spider Nest.
 14564 | Lair:4   | Reached XP level 13. HP: 86/86 MP: 13/13
 14716 | Lair:4   | Reached ***** piety under Makhleb
 15458 | Lair:5   | Noticed Josephine
 15470 | Lair:5   | Killed Josephine
 15470 | Lair:5   | Reached skill level 15 in Maces & Flails
 16177 | Lair:6   | Entered Level 6 of the Lair of Beasts
 16435 | Lair:6   | HP: 2/88 [six-headed hydra (8)]
 16472 | Lair:6   | Gained mutation: Your large and strong wings let you fly
                  | indefinitely. [Gargoyle growth]
 16472 | Lair:6   | Reached XP level 14. HP: 67/94 MP: 14/14
 16902 | Lair:6   | Found a staircase to the Slime Pits.
 17019 | Lair:6   | Reached ****** piety under Makhleb
 18127 | D:5      | Killed gruber's ghost
 18263 | D:9      | Killed Rayvis's ghost
 18395 | D:13     | Noticed Nessos
 18407 | D:13     | Killed Nessos
 18467 | D:13     | Found a white marble altar of Elyvilon.
 18635 | D:13     | Found a gate to the Vaults.
 18657 | D:13     | Reached skill level 15 in Fighting
 18657 | D:13     | Reached skill level 15 in Shields
 18825 | D:11     | Got a pitted morningstar
 18826 | D:11     | Identified the cursed +3 morningstar of Wu Jian's Outrage
                  | {antimagic, rPois Str+3 Int-4} (You found it on level 11 of
                  | the Dungeon)
 19393 | D:14     | Reached XP level 15. HP: 103/103 MP: 5/15
 19476 | D:14     | Noticed Azrael
 19514 | D:14     | Noticed Frances
 19516 | D:14     | Killed Azrael
 19653 | D:14     | Killed Frances
 20063 | D:14     | Noticed Kirke
 20064 | D:14     | Reached skill level 1 in Dodging
 20085 | D:14     | Killed Kirke
 20261 | D:14     | Identified the ring of Propriety {Wiz +Inv MR+ Dex-5}
 20295 | D:14     | Identified the ring "Isinukey" {rElec rF+ rCorr Int-3}
 20297 | D:14     | Reached skill level 5 in Armour
 20384 | D:14     | Got a pitted turquoise ring
 20387 | D:14     | Got a scintillating jade ring
 20712 | D:14     | Found an ornate altar of the Wu Jian Council.
 20715 | D:14     | Found a bloodstained altar of Trog.
 20912 | D:14     | Identified Roxanne's Catalogue of the Rocks
 20912 | D:14     | Noticed Roxanne
 20937 | D:14     | Killed Roxanne
 21277 | D:15     | Entered Level 15 of the Dungeon
 21481 | D:15     | Found a staircase to the Depths.
 21694 | D:15     | Identified the ring "Pyupn" {*Tele MR+ Int+6} (You found it
                  | on level 14 of the Dungeon)
 21699 | D:15     | Identified the cursed ring of Cyety {rElec rC++ rN+ AC-4
                  | Dex-2} (You found it on level 14 of the Dungeon)
 21856 | D:15     | Found a portal to a secret trove of treasure.
 21914 | D:15     | Reached XP level 16. HP: 112/112 MP: 5/16
 22138 | D:15     | Reached skill level 5 in Dodging
 22526 | Orc:1    | Entered Level 1 of the Orcish Mines
 22604 | Orc:1    | You are sucked into a shaft and drop 1 floor!
 22604 | Orc:2    | Entered Level 2 of the Orcish Mines
 22804 | Orc:1    | Noticed Nergalle
 22829 | Orc:1    | Killed Nergalle
 23064 | Orc:1    | Upgraded the game from 0.25.0 to 0.25.0-1-g7eea58d2a3
 23254 | Orc:2    | Found Seywa's General Store.
 23254 | Orc:2    | Found Xipitaz's Armour Shop.
 23254 | Orc:2    | Found Juyhaman's Distillery.
 23257 | Orc:2    | Found Beocei's Armour Shoppe.
 23499 | Orc:2    | Found a staircase to the Elven Halls.
 23923 | Orc:2    | Bought a potion of haste for 140 gold pieces
 23923 | Orc:2    | Bought a potion of curing for 42 gold pieces
 23923 | Orc:2    | Bought a potion of curing for 42 gold pieces
 23923 | Orc:2    | Bought a potion of heal wounds for 70 gold pieces
 23923 | Orc:2    | Bought a potion of might for 56 gold pieces
 23926 | Orc:2    | Bought a scroll of teleportation for 51 gold pieces
 23926 | Orc:2    | Bought 2 potions of heal wounds for 170 gold pieces
 24183 | Swamp:1  | Entered Level 1 of the Swamp
 24184 | Swamp:1  | Noticed a thorn hunter
 24263 | Swamp:1  | Killed a thorn hunter
 25588 | Swamp:2  | Got a jewelled morningstar
 25603 | Swamp:2  | Identified the +4 morningstar "Wiuzuqa" {vamp, rN+ Str+4}
                  | (You found it on level 2 of the Swamp)
 25745 | Swamp:2  | Found a runed translucent gate.
 25745 | Swamp:2  | Found a runed translucent gate.
 25745 | Swamp:2  | Found a runed translucent gate.
 25748 | Swamp:2  | Noticed Nocess's ghost (adept HOBe)
 26260 | Swamp:3  | Reached XP level 17. HP: 118/120 MP: 17/17
 26441 | Swamp:3  | Reached skill level 10 in Armour
 27149 | Swamp:4  | Entered Level 4 of the Swamp
 27325 | Swamp:4  | Killed Donald
 28001 | Swamp:4  | Got a decaying rune of Zot
 28187 | Spider:1 | Entered Level 1 of the Spider Nest
 29077 | Spider:1 | Reached XP level 18. HP: 129/129 MP: 18/18
 30492 | Spider:4 | Entered Level 4 of the Spider Nest
 30492 | Spider:4 | Noticed Aizul
 30509 | Spider:4 | Killed Aizul
 30718 | Spider:4 | Noticed Arachne
 30747 | Spider:4 | Killed Arachne
 31951 | Spider:4 | Got a gossamer rune of Zot
 32223 | Elf:1    | Entered Level 1 of the Elven Halls
 32282 | Elf:1    | Reached XP level 19. HP: 136/136 MP: 19/19
 32311 | Elf:1    | Found Bidigep's Distillery.
 32311 | Elf:1    | Found Canocof's Gadget Shoppe.
 32312 | Elf:1    | Found Suboc's Book Shoppe.
 32315 | Elf:1    | Found Najyjueb's Antique Weapon Emporium.
 32423 | Elf:1    | Bought a potion of curing for 36 gold pieces
 32423 | Elf:1    | Bought a potion of curing for 36 gold pieces
 32423 | Elf:1    | Bought a potion of haste for 120 gold pieces
 32423 | Elf:1    | Bought a potion of might for 48 gold pieces
 32423 | Elf:1    | Bought a potion of heal wounds for 60 gold pieces
 32423 | Elf:1    | Bought a potion of curing for 36 gold pieces
 33470 | Elf:2    | Found a runed translucent gate.
 33470 | Elf:2    | Found a runed translucent gate.
 33471 | Elf:2    | Found a runed translucent gate.
 33524 | Elf:2    | Found Toxeh's Gadget Shoppe.
 33926 | Elf:2    | Identified 2 scrolls of acquirement
 33929 | Elf:2    | Got the +2 pair of boots of Tulips {Regen+}
 34698 | Depths:1 | Entered Level 1 of the Depths
 34725 | Depths:1 | Found a one-way gate to the infinite horrors of the Abyss.
 34940 | Depths:1 | Found Faodithi's Food Emporium.
 34981 | Depths:1 | Noticed the Enchantress
 35035 | Depths:1 | HP: 3/137 [spriggan defender/+2 demon whip of venom[the
                  | Enchantress] (11)]
 35040 | Depths:1 | HP: 3/137 [something (4)]
 35044 | Depths:1 | Mangled by a spriggan defender

Illustrated notes

Levels and vault maps discovered:
D:1:      evilmike_arrival_plus, layout_basic
D:2:      layout_loops_ring, kennysheep_generic_room_13
D:3:      layout_loops_cross, nicolae_overflow_crystal_walls,
          dancing_weapons_uskayaw
D:4:      layout_loops_ring, serial_shops, kennysheep_mini,
          lightli_sewer_entry_pipes, fedhas_altar_4
D:5:      layout_basic, slow_altar_2, lemuel_coloured_pillars_altar,
          okawaru_gym_becter, first_ration, gammafunk_ghost_icy, sword_in_stone
D:6:      layout_loops_ring, kennysheep_small_square
D:7:      layout_loops_ring, marbit_many_paths,
          minmay_temple_entry_statues_fountains, uniq_duvessa
D:8:      layout_cave_pools, minmay_overflow_temple_hex
D:9:      layout_basic, due_lair_maze_entry_diamond,
          hellmonk_ghost_happy_afterlife
D:10:     layout_basic
D:11:     layout_layer_cave, erik_orc_1, gauntlet_entry_generic, uniq_maurice
D:12:     layout_stronghold, serial_shops, shop_statue
D:13:     layout_irregular_city, grunt_vaults_entry_fortified, basic_altar,
          uniq_nessos
D:14:     minmay_the_grid_triangle_9x9_recursive_3
          [minmay_the_grid_triangle_9x9_limited_checkers,
          minmay_the_grid_triangle_9x9_longest,
          minmay_the_grid_triangle_9x9_dagger,
          minmay_the_grid_triangle_9x9_prize_special,
          minmay_the_grid_triangle_9x9_descending_squares,
          minmay_the_grid_triangle_9x9_odd_lines,
          minmay_the_grid_triangle_9x9_minimal,
          minmay_the_grid_triangle_9x9_intruding_spiral,
          minmay_the_grid_triangle_9x9_warning], layout_loops_ring, basic_altar,
          old_standard_altar, grunt_tengu_nest, uniq_agnes, uniq_frances,
          uniq_kirke, uniq_roxanne, uniq_azrael
D:15:     hangedman_depths_entry_civil_slaughter, layout_long_grid,
          minmay_misc_feat_tower, enter_trove_2
Temple:   eino_temple_lava
Lair:1:   layout_regular_city, lemuel_fruit_tree, grunt_megastairs_4
Lair:2:   layout_hall_layers, swamp_mist_pool, uniq_urug
Lair:3:   wad_woods_structure_01, layout_chaotic_city,
          infiniplex_staircase_pool_2
Lair:4:   layout_gridlike, nicolae_spider_entry_orb_guardian, serial_bayou,
          serial_bayou_shore_a, serial_bayou_shore_b, serial_bayou_lagoon_a,
          serial_bayou_pond_c, st_stairs_7, minmay_lair_oklob_chamber
Lair:5:   layout_loops_ring, uniq_josephine
Lair:6:   minmay_lair_end_frog_pond, layout_regular_city,
          nicolae_slime_entry_slimehenge
Swamp:1:  layout_basic_swamp, nicolae_swamp_round_clearing,
          infiniplex_staircase_pool
Swamp:2:  layout_falls_marsh, gammafunk_ghost_necromancy,
          evilmike_swamp_ruin_wall
Swamp:3:  layout_basic_swamp, evilmike_swamp_ruin_rubble_1, swamp_pool1
Swamp:4:  swamp_icy, layout_basic_swamp, uniq_donald
Spider:1: lemuel_spider_zombies, guppyfry_spider_mini_3
Spider:2: layout_spider_delve
Spider:3: layout_spider_delve
Spider:4: grunt_spider_rune_circles, nicolae_spider_ant_collections,
          uniq_arachne, uniq_aizul
Orc:1:    layout_diamond_mine, uniq_nergalle
Orc:2:    st_orc_rangers, layout_caves, mines2_lemuel
Elf:1:    eino_elf_arrival_sip, layout_onion_city, grunt_megastairs_2,
          minmay_shoptagon
Elf:2:    layout_geoelf_diagonals, serial_shops, shop
Depths:1: layout_forbidden_donut, serial_shops, shop, abyss_entry,
          hangedman_geh_valley, minmay_misc_feat_tiny,
          evilmike_spriggan_trog_shrine, uniq_enchantress

Skill      XL: |  1  2  3  4  5  6  7  8  9 10 11 12 13 14 15 16 17 18 19 |
---------------+----------------------------------------------------------+-----
Maces & Flails | 3 4 5 6 8 9 11 13 14 16 | 16.0
Fighting       | 4 5 7 8 9 10 12 13 15 17 18 19 20 21 | 21.3
Shields        | 4 5 6 8 9 10 12 13 15 16 19 21 | 21.8
Dodging        | 4 6 7 |  7.2
Armour         | 7 9 10 | 10.1

Action                   |  1- 3 |  4- 6 |  7- 9 | 10-12 | 13-15 | 16-18 | 19-21 || total
-------------------------+-------+-------+-------+-------+-------+-------+-------++-------
Melee: Flail             |   101 |    33 |       |       |       |       |       ||   134
       Morningstar       |       |   140 |   370 |  1259 |  1594 |  2689 |   542 ||  6594
       Eveningstar       |       |       |       |       |       |       |   169 ||   169
 Abil: Fly               |       |       |       |       |     1 |       |       ||     1
       Stop Flying       |       |       |       |       |       |       |     1 ||     1
Evoke: Wand              |       |       |     1 |     1 |       |       |       ||     2
  Use: Scroll            |       |     7 |     2 |    20 |     7 |     5 |     8 ||    49
       Potion            |       |     1 |       |       |     3 |     5 |     2 ||    11
 Stab: Petrified         |       |       |       |       |     5 |       |       ||     5
       Petrifying        |       |       |       |       |     1 |       |       ||     1
       Confused          |       |       |       |       |     1 |     2 |       ||     3
  Eat: Chunk             |       |     6 |    10 |    25 |    19 |    31 |     9 ||   100
       Ration            |       |       |       |     3 |     2 |     2 |       ||     7
Armor: Scale mail        |    37 |    31 |       |       |       |       |       ||    68
       Chain mail        |       |    74 |   204 |   354 |       |       |       ||   632
       Plate armour      |       |       |       |   253 |   742 |  2134 |   421 ||  3550
Dodge: Dodged            |    33 |    52 |    78 |   285 |   339 |  1198 |   198 ||  2183
Block: Kite shield       |    58 |   100 |   185 |   715 |  1040 |  1020 |       ||  3118
       Tower shield      |       |       |       |       |       |  2107 |   908 ||  3015
